 Dungeon Crawl Stone Soup version 0.27-a0-1140-g099f9bb0e8 (webtiles) character file.

Game seed: 1137365801670022142

96 Ijustatesigmund the Skirmisher (level 4, -23/32 HPs)
             Began as an Octopode Fighter on May 10, 2021.
             Annihilated by an ogre
             ... wielding a +0 giant club
              (33 damage)
             ... on level 4 of the Dungeon.
             The game lasted 00:04:09 (3277 turns).

Ijustatesigmund the Skirmisher (Octopode Fighter)   Turns: 3277, Time: 00:04:09

Health: -23/32     AC:  1    Str: 15    XL:     4   Next: 67%
Magic:  4/4        EV: 11    Int: 16    God:
Gold:   143        SH:  9    Dex: 12    Spells: 3/3 levels left

rFire    . . .     SeeInvis .   a - +1 war axe (freeze)
rCold    . . .     Faith    .   b - +0 kite shield
rNeg     . . .     Spirit   .   (helmet restricted)
rPois    .         Reflect  .   (no amulet)
rElec    .         Harm     .   h - +6 ring of intelligence
rCorr    .         Rampage  .   (no ring)
Will     .....                  (no ring)
Stlth    ++........             (no ring)
HPRegen  0.10/turn              (no ring)
MPRegen  0.09/turn              (no ring)
                                (no ring)
                                (no ring)

@: mighty
A: almost no armour, amphibious, 8 rings, camouflage 1, gelatinous body 1,
(nimble swimmer 1), tentacles
a: no special abilities


You were on level 4 of the Dungeon.
You visited 1 branch of the dungeon, and saw 4 of its levels.

You collected 143 gold pieces.

Inventory:

Hand Weapons
 a - a +1 war axe of freezing (weapon)
Missiles
 g - 8 javelins
 k - 6 poisoned darts (quivered)
Armour
 b - a +0 kite shield (worn)
Jewellery
 h - a +6 ring of intelligence (left tentacle)
Scrolls
 i - a scroll of silence
Potions
 d - 2 potions of haste
 e - 3 potions of curing
 f - a potion of flight {unknown}
 j - 2 potions of heal wounds {unknown}


   Skills:
 + Level 3.6 Fighting
 * Level 3.3 Axes
 + Level 3.5 Dodging
 + Level 3.5 Shields


You had 3 spell levels left.
You didn't know any spells.
Your spell library was empty.

Dungeon Overview and Level Annotations

Branches:
Dungeon (4/15)
 Temple: D:4-7

Altars:
Nemelex Xobeh
Wu Jian

Shops:
D:2 [=   D:3 =


Innate Abilities, Weirdness & Mutations

You cannot wear most types of armour.
You are amphibious.
You can wear up to eight rings at the same time.
Your skin changes colour to match your surroundings (Stealth+).
Your rubbery body absorbs attacks. (AC +1, EV +1)
((You are camouflaged near water. (Stealth+)))
You have tentacles for arms and can constrict up to eight enemies at once.


Message History

An ogre comes into view. It is wielding a +0 giant club.
Throw: 11 darts (poison)
Press: ? - help, Q - select action, (/) - cycle Shift-Dir - straight line, f - ogre
Aim: an ogre, wielding a +0 giant club (asleep, 98% to hit)
You throw a poisoned dart. The poisoned dart hits the ogre.
The ogre is poisoned.
The ogre shouts!
A dart slug comes into view.
Throw: 10 darts (poison)
Press: ? - help, Q - select action, (/) - cycle Shift-Dir - straight line, f/p - ogre
Aim: an ogre, wielding a +0 giant club (poisoned, 73% to hit)
You throw a poisoned dart.
The poisoned dart barely misses the ogre.
The poisoned dart hits the dart slug.
Throw: 9 darts (poison)
Press: ? - help, Q - select action, (/) - cycle Shift-Dir - straight line, f/p - ogre
Aim: an ogre, wielding a +0 giant club (lightly wounded, poisoned, 73% to hit)
You throw a poisoned dart.
The poisoned dart barely misses the ogre.
Unknown command.
Throw: 8 darts (poison)
Press: ? - help, Q - select action, (/) - cycle Shift-Dir - straight line, f/p - ogre
Aim: an ogre, wielding a +0 giant club (lightly wounded, poisoned, 73% to hit)
You throw a poisoned dart.
The poisoned dart barely misses the ogre.
The ogre looks more healthy.
Throw: 7 darts (poison)
Press: ? - help, Q - select action, (/) - cycle Shift-Dir - straight line, f/p - ogre
Aim: an ogre, wielding a +0 giant club (lightly wounded, 73% to hit)
You throw a poisoned dart.
The poisoned dart barely misses the ogre.
You feel very mighty all of a sudden.
The ogre hits you with a +0 giant club!!
Ouch! That really hurt!
Your shield prevents you from hitting the ogre.
You squeeze the ogre.
The ogre is moderately wounded.
The ogre hits you with a +0 giant club!!
Ouch! That really hurt!
You die...

##########
######.........#
#......#######.#
#......#######.#
+........#@O...#
#.....##.###(#####.#
#.....##.###..w...(#
.##..............#.w...(
.................# ....(
##.#####.........# ....
# #...[..)..# ...
#.........# ..
#.........# .


You could see an ogre and a dart slug.

Vanquished Creatures
  A centaur skeleton (D:2)
  2 worms (D:3)
  2 dart slugs (D:1)
  An orc (D:3)
  2 ball pythons
  8 bats
  5 endoplasms
  6 giant cockroaches
  5 goblins
  2 hobgoblins
  A jackal (D:3)
  3 quokkas (D:2)
  3 frilled lizards
  4 kobolds
  8 rats
53 creatures vanquished.

Notes
Turn   | Place    | Note
-------+----------+-------------------------------------------
     0 | D:1      | Ijustatesigmund the Octopode Fighter began the quest for
                  | the Orb.
     0 | D:1      | Reached XP level 1. HP: 16/16 MP: 1/1
   386 | D:1      | Reached XP level 2. HP: 21/21 MP: 2/2
   910 | D:1      | Found a faded altar of an unknown god.
   976 | D:1      | Reached XP level 3. HP: 19/26 MP: 3/3
  1479 | D:2      | Reached XP level 4. HP: 14/31 MP: 4/4
  1727 | D:2      | Found Yllalus's Armour Emporium.
  1730 | D:2      | Found Ytsaecidghu's Jewellery Boutique.
  2276 | D:3      | Found a large runed translucent door.
  2276 | D:3      | Found a large runed translucent door.
  2927 | D:3      | Found Ciabew's Jewellery Shoppe.
  3185 | D:3      | Found a sparkling altar of Nemelex Xobeh.
  3198 | D:3      | Found an ornate altar of the Wu Jian Council.
  3266 | D:4      | Noticed an ogre
  3277 | D:4      | Annihilated by an ogre

Illustrated notes

Levels and vault maps discovered:
D:1:      dpeg_arrival_arbitrary_a, layout_basic,
          ebering_ecumenical_altar_petrified
D:2:      layout_loops_ring, serial_shops, shop_fountains, shop
D:3:      layout_basic, jmf_multi_god_temple2, serial_shops, nicolae_shop_trees,
          solitary_fountain, minmay_fractal_squares_gapless_5
D:4:      kennysheep_big_flooded_room, layout_basic, fedhas_altar_1

Skill      XL: |  1  2  3 |
---------------+----------+-----
Axes           | 3 |  3.3
Fighting       | |  3.6
Dodging        | |  3.5
Shields        | |  3.5

Action                   |  1- 3 |  4- 6 || total
-------------------------+-------+-------++-------
Melee: War axe           |    40 |    45 ||    85
       Constrict         |    10 |     9 ||    19
       Tentacles         |     8 |     7 ||    15
Throw: Dart              |       |     5 ||     5
  Use: Scroll            |     6 |     4 ||    10
       Potion            |       |     1 ||     1
 Stab: Sleeping          |     4 |    10 ||    14
Armor: Skin              |     1 |     6 ||     7
Dodge: Dodged            |     8 |    18 ||    26
Block: Kite shield       |    17 |    12 ||    29

Table legend: (Time is in decaauts)
 A = Elapsed time spent in this place.
 B = Non-inter-level travel time spent in this place.
 C = Inter-level travel time spent in this place.
 D = Time resting spent in this place.
 E = Time spent auto-exploring this place.
 F = Levels seen in this place.
 G = Mean time per level.
                   A        B        C        D        E       F      G
               +--------+--------+--------+--------+--------+-----+--------+
         Total |   3326 |   3194 |    132 |    283 |   2470 |   4 |  831.5 |
       Dungeon |   3326 |   3194 |    132 |    283 |   2470 |   4 |  831.5 |
               +--------+--------+--------+--------+--------+-----+--------+

Top non-repeatable levels by time:
     D:1: 1394 daAuts
     D:3: 1098 daAuts
     D:2: 778 daAuts
     D:4: 54 daAuts
